 Dungeon Crawl Stone Soup version 0.29-a0-371-g91724d5b39 (webtiles) character file.

Game seed: 2600671062118787933

7 puppykicker the Vexing (level 1, -1/16 HPs)
             Began as a Draconian Arcane Marksman on May 2, 2022.
             Slain by a kobold
             ... wielding a +0 war axe
              (8 damage)
             ... on level 1 of the Dungeon.
             The game lasted 00:00:40 (56 turns).

puppykicker the Vexing (Draconian Arcane Marksman)    Turns: 56, Time: 00:00:41

Health: -1/16      AC:  5    Str: 12    XL:     1   Next: 83%
Magic:  1/2        EV: 12    Int: 13    God:
Gold:   0          SH:  0    Dex: 11    Spells: 1/2 levels left

rFire   . . .      SeeInvis .   a - +0 hand crossbow
rCold   . . .      Faith    .   (no shield)
rNeg    . . .      Spirit   .   (body armour unavailable)
rPois   .          Reflect  .   (helmet restricted)
rElec   .          Harm     .   (no cloak)
rCorr   .          Rampage  .   c - +0 pair of gloves
Will    .....                   (no boots)
Stlth   +.........              (no amulet)
HPRegen 0.05/turn               (no ring)
MPRegen 0.08/turn               (no ring)

@: no status effects
A: AC +4, unfitting armour, cold-blooded
a: no special abilities


You were on level 1 of the Dungeon.
You visited 1 branch of the dungeon, and saw 1 of its levels.

Inventory:

Hand Weapons
 a - a +0 hand crossbow (weapon)
Armour
 c - a +0 pair of gloves (worn)
Scrolls
 b - a scroll of vulnerability {!r!r}


   Skills:
 + Level 1.3 Fighting
 * Level 2.0 Crossbows
 + Level 1.9 Dodging
 + Level 1.1 Spellcasting
 + Level 2.7 Hexes


You had one spell level left.
You knew the following spells:

 Your Spells              Type           Power      Damage    Failure   Level
s - Slow                  Hex            28%        N/A       9%          1

Your spell library contained the following spells:

 Spells                   Type           Power      Damage    Failure   Level
 Inner Flame              Hex/Fire       4%         N/A       43%         3
 Portal Projectile        Hex/Tloc       8%         N/A       43%         3
 Cause Fear               Hex            3%         N/A       65%         4


Dungeon Overview and Level Annotations

Branches:
Dungeon (1/15)

Altars:


Innate Abilities, Weirdness & Mutations

Your plain brown scales are hard. (AC +4)
You cannot fit into any form of body armour.
You are cold-blooded and may be slowed by cold attacks.


Message History

Shoot: a) +0 hand crossbow
Press: ? - help, Q - select action Shift-Dir - straight line, f - kobold, p - quokka
Aim: a kobold, wielding a +0 war axe and quivering stones (47% to hit)
You shoot a bolt. The bolt hits the quokka!
You kill the quokka!
The goblin hits you but does no damage.
Shoot: a) +0 hand crossbow
Press: ? - help, Q - select action Shift-Dir - straight line, f/p - kobold
Aim: a kobold, wielding a +0 war axe and quivering stones (47% to hit)
You shoot a bolt. The bolt hits the goblin!
You kill the goblin!
The giant cockroach bites you.
* * * LOW HITPOINT WARNING * * *
The giant cockroach bites you but does no damage.
You take 2 damage, and have 8/16 hp.
Shoot: a) +0 hand crossbow
Press: ? - help, Q - select action Shift-Dir - straight line, f/p - kobold
Aim: a kobold, wielding a +0 war axe and quivering stones (47% to hit)
You shoot a bolt. The bolt hits the giant cockroach.
The giant cockroach misses you. The giant cockroach bites you.
* * * LOW HITPOINT WARNING * * *
The giant cockroach misses you.
You take 1 damage, and have 7/16 hp.
Shoot: a) +0 hand crossbow
Press: ? - help, Q - select action Shift-Dir - straight line, f/p - kobold
Aim: a kobold, wielding a +0 war axe and quivering stones (47% to hit)
You shoot a bolt. The bolt hits the giant cockroach.
You kill the giant cockroach!
The giant cockroach bites you but does no damage.
The giant cockroach closely misses you. The kobold hits you but does no damage.
Your Crossbows skill increases to level 2!
Casting: Slow (safe; 9% risk of failure)
Aiming: Slow (safe; 9% risk of failure)
Press: ? - help, Shift-Dir - straight line, f/p - kobold
Aim: a kobold, wielding a +0 war axe and quivering stones (chance to affect: 62%)
The kobold seems to slow down.
The giant cockroach bites you but does no damage.
The kobold hits you with a +0 war axe!
Ouch! That really hurt!
You die...

.. .. # ##. . ##.###.# #..
..# .....#.. ###.#### #...
#..#.. .#. ≈≈♣≈♣≈≈ #....
#...r##.... P.....
≈#.....###.##†..(#
PP...♣♣♣≈#.....B@K.....#
P.....♣.♣##.#.#####.##+##
...<....≈.....# #.....##.#
P.....P.♣#....# #..[.....#
PP...PPP≈##...#####.....####
P.....P.≈##...#.....#####
..♣.♣...≈##..>#.#####
≈≈♣.♣≈≈≈≈##.###'###
###.######........#


You could see a giant cockroach and a kobold (slow).

Levels and vault maps discovered:
D:1:      ldierk_walled_garden, layout_basic,
          hellmonk_ecumenical_altar_crossroads

Notes
Turn   | Place    | Note
-------+----------+-------------------------------------------
     0 | D:1      | puppykicker the Draconian Arcane Marksman began the quest
                  | for the Orb.
     0 | D:1      | Reached XP level 1. HP: 16/16 MP: 2/2
    33 | D:1      | Identified a +0 pair of gloves
    41 | D:1      | Identified a +0 dagger
    43 | D:1      | Identified a +0 war axe
    56 | D:1      | Reached skill level 2 in Crossbows
    56 | D:1      | Slain by a kobold

Table legend: (Time is in decaauts)
 A = Elapsed time spent in this place.
 B = Non-inter-level travel time spent in this place.
 C = Inter-level travel time spent in this place.
 D = Time resting spent in this place.
 E = Time spent auto-exploring this place.
 F = Levels seen in this place.
 G = Mean time per level.
                   A        B        C        D        E       F      G
               +--------+--------+--------+--------+--------+-----+--------+
         Total |     61 |     61 |      0 |      0 |     30 |   1 |   61.0 |
       Dungeon |     61 |     61 |      0 |      0 |     30 |   1 |   61.0 |
               +--------+--------+--------+--------+--------+-----+--------+

Top non-repeatable levels by time:
     D:1: 61 daAuts

Table legend:
 A = Kills in this place as a percentage of kills in entire the game.
 B = Kills by you in this place as a percentage of kills by you in the entire game.
 C = Kills by friends in this place as a percentage of kills by friends in the entire game.
 D = Other kills in this place as a percentage of other kills in the entire game.
 E = Experience gained in this place as a percentage of experience gained in the entire game.
 F = Experience gained in this place divided by the number of levels of this place that you have seen.
                   A       B       C       D       E      F
               +-------+-------+-------+-------+-------+----------------------
         Total | 100.0 | 100.0 |   N/A |   N/A | 100.0 |  10.0
       Dungeon | 100.0 | 100.0 |   N/A |   N/A | 100.0 |  10.0
               +-------+-------+-------+-------+-------+----------------------

Skill      XL: |  1 |
---------------+----+-----
Crossbows      | 2 |  2.0
Fighting       | |  1.3
Dodging        | |  1.9
Spellcasting   | |  1.1
Hexes          | |  2.7

Action                   || total
-------------------------++-------
 Fire: Hand crossbow     ||    13
 Cast: Slow              ||     1
Armor: Skin              ||     6
Dodge: Dodged            ||     9

Vanquished Creatures
  A giant cockroach (D:1)
  A goblin (D:1)
  3 quokkas (D:1)
5 creatures vanquished.
